 Dungeon Crawl Stone Soup version 0.23-a0-4-g8f018a2 (webtiles) character file.

996 galech the Chopper (level 7, -2/64 HPs)
             Began as a Deep Dwarf Fighter on July 31, 2018.
             Slain by an unseen horror (3 damage)
             ... on level 5 of the Dungeon.
             The game lasted 00:06:37 (2910 turns).

galech the Chopper (Deep Dwarf Fighter)             Turns: 2910, Time: 00:06:39

Health: -2/64      AC: 11    Str: 18    XL:     7   Next: 99%
Magic:  4/4        EV:  9    Int:  8    God:
Gold:   174        SH: 10    Dex: 14    Spells: 6/6 levels left

rFire    . . .     SeeInvis .   a - +0 war axe
rCold    . . .     Gourm    .   c - +0 shield
rNeg     . . .     Faith    .   b - +0 scale mail
rPois    .         Spirit   .   k - +0 helmet
rElec    .         Reflect  .   j - +0 cloak (curse)
rCorr    .         Harm     .   e - +0 pair of gloves
MR       +....                  (no boots)
Stlth    ..........             (no amulet)
HPRegen  0.00/turn              y - ring of attention (curse)
MPRegen  0.09/turn              u - -2 ring of strength (curse)

@: non-regenerating
A: damage resistance, heal wounds, sense surroundings 1, no regeneration
a: Heal Wounds


You were on level 5 of the Dungeon.
You were hungry.

You visited 1 branch of the dungeon, and saw 5 of its levels.

You collected 174 gold pieces.

Inventory:

Hand Weapons
 a - a +0 war axe (weapon)
Armour
 b - a +0 scale mail (worn)
 c - a +0 shield (worn)
 e - a +0 pair of gloves (worn)
 j - a cursed +0 cloak (worn)
 k - a +0 helmet (worn)
Jewellery
 o - an uncursed ring of wizardry
 u - a cursed -2 ring of strength (right hand)
 y - a cursed ring of attention (left hand)
Scrolls
 g - a scroll of magic mapping {unknown}
 h - a scroll of immolation {unknown}
 m - 3 scrolls of amnesia
 s - 2 scrolls of fog
 t - 3 scrolls of enchant armour
 v - a scroll of teleportation {unknown}
 w - a scroll of random uselessness {unknown}
 x - a scroll of remove curse {unknown}
Potions
 d - a potion of might
 l - a potion of invisibility
 n - a potion of haste {unknown}
 p - 2 potions of heal wounds {unknown}
 q - a potion of degeneration {unknown}
 r - a potion of magic {unknown}
 z - 2 potions of brilliance {unknown}
Comestibles
 f - 12 rations


   Skills:
 + Level 4.0 Fighting
 + Level 6.7 Axes
 + Level 5.3 Armour
 + Level 3.2 Dodging
 + Level 0.7 Stealth
 + Level 5.1 Shields


You had 6 spell levels left.
You didn't know any spells.
Your spell library contained the following spells:

 Spells                   Type           Power        Failure   Level  Hunger
 Confuse                  Hex            #.......     100%        3    ####...
 Throw Frost              Conj/Ice       #.....       100%        2    ###....
 Freeze                   Ice            #...         99%         1    ##.....
 Summon Ice Beast         Ice/Summ       #.......     100%        4    #####..
 Ozocubu's Armour         Chrm/Ice       #.......     100%        3    ####...
 Spider Form              Tmut/Pois      #.........   100%        3    ####...
 Blade Hands              Tmut           #.........   100%        5    ######.
 Ice Form                 Ice/Tmut       #.......     100%        4    #####..
 Throw Icicle             Conj/Ice       #.......     100%        4    #####..
 Confusing Touch          Hex            #.....       99%         1    ##.....
 Sticks to Snakes         Tmut           #.......     100%        2    ###....
 Metabolic Englaciation   Hex/Ice        #.........   100%        5    ######.
 Petrify                  Tmut/Erth      #.......     100%        4    #####..
 Beastly Appendage        Tmut           #.....       99%         1    ##.....
 Gell's Gravitas          Tloc           #.........   100%        3    ####...
 Yara's Violent Unravell  Hex/Tmut       #.........   100%        5    ######.


Dungeon Overview and Level Annotations

Branches:
Dungeon (5/15)
 Temple: D:4-7

Altars:
Fedhas
Vehumet
The Shining One


Innate Abilities, Weirdness & Mutations

You are resistant to damage.
You can heal yourself by infusing magical energy.
You passively map a small area around you.
You do not regenerate.


Message History

You closely miss something. Something hits you but does no damage.
Something hits you. Something hits you but does no damage.
You miss something. Something hits you.
Something hits you but does no damage. x2
You miss something. Something hits you. Something hits you but does no damage.
Something hits you.
* * * LOW HITPOINT WARNING * * *
You miss something. Something hits you but does no damage. Something hits you!
* * * LOW HITPOINT WARNING * * *
Your shield and scale mail prevent you from hitting something.
You block something's attack. Something hits you but does no damage.
Something hits you.
* * * LOW HITPOINT WARNING * * *
You miss something. Something hits you.
* * * LOW HITPOINT WARNING * * *
Something hits you.
* * * LOW HITPOINT WARNING * * *
Something hits you.
* * * LOW HITPOINT WARNING * * *
Something hits you.
You die...

###............)......#
,
....(...<..((#<.......#
........%..†.#........#
,
..#./......<.#........#
* #
#.............#######
#..........{### *
#...........# *
###########.# * #..@{.#
* * #.##### ** * #.# ,
,,..# !... * * , ###..
,, * #.. * #... * ,, ,


There were no monsters in sight!

Vanquished Creatures
  Grinder (D:5)
  A phantom (D:5)
  An ogre (D:2)
  A big kobold (D:4)
  A howler monkey (D:5)
  A crimson imp (D:4)
  A bullfrog zombie (D:5)
  A hound (D:4)
  An orc priest (D:3)
  2 orc wizards (D:3)
  3 worker ants (D:4)
  Robin (D:2)
  A howler monkey skeleton (D:4)
  9 adders
  A shadow imp (D:5)
  4 worms
  2 dart slugs
  A leopard gecko (D:4)
  25 orcs
  4 giant cockroaches
  18 goblins
  5 hobgoblins
  8 jackals
  2 quokkas
  9 bats
  4 frilled lizards
  A goblin skeleton (D:4)
  2 goblin zombies (D:4)
  A hobgoblin zombie (D:4)
  A jackal skeleton (D:4)
  6 kobolds
  2 kobold skeletons (D:4)
  A kobold zombie (D:4)
  2 orc skeletons (D:4)
  2 orc zombies (D:4)
  7 rats
133 creatures vanquished.

Vanquished Creatures (others)
  An orc wizard (D:3)
1 creature vanquished.

Grand Total: 134 creatures vanquished

Notes
Turn   | Place    | Note
-------+----------+-------------------------------------------
     0 | D:1      | galech the Deep Dwarf Fighter began the quest for the Orb.
     0 | D:1      | Reached XP level 1. HP: 20/20 MP: 1/1
   107 | D:1      | Reached XP level 2. HP: 24/27 MP: 2/2
   611 | D:1      | Reached XP level 3. HP: 28/34 MP: 3/3
   786 | D:2      | Noticed an ogre
   797 | D:2      | Killed an ogre
   797 | D:2      | Reached skill level 3 in Axes
   797 | D:2      | Reached XP level 4. HP: 22/42 MP: 4/4
   909 | D:2      | Noticed Robin
   912 | D:2      | Reached skill level 1 in Dodging
   924 | D:2      | Reached XP level 5. HP: 26/49 MP: 5/5
   935 | D:2      | Killed Robin
   935 | D:2      | Reached skill level 4 in Axes
  1016 | D:2      | Found a radiant altar of Vehumet.
  1548 | D:3      | Reached XP level 6. HP: 53/56 MP: 6/6
  1699 | D:3      | Reached skill level 5 in Axes
  1847 | D:4      | Found a glowing golden altar of the Shining One.
  2103 | D:4      | Found a blossoming altar of Fedhas.
  2152 | D:4      | Reached skill level 6 in Axes
  2152 | D:4      | Reached XP level 7. HP: 40/63 MP: 7/7
  2669 | D:5      | Entered Level 5 of the Dungeon
  2714 | D:5      | Reached skill level 5 in Shields
  2747 | D:5      | Noticed Grinder
  2755 | D:5      | Paralysed by Grinder for 7 turns
  2768 | D:5      | Paralysed by Grinder for 3 turns
  2789 | D:5      | Killed Grinder
  2789 | D:5      | Reached skill level 5 in Armour
  2838 | D:5      | HP: 2/64 [something (2)]
  2910 | D:5      | HP: 1/64 [something (4)]
  2910 | D:5      | Slain by an unseen horror

Vault maps used:
D:1:      onia_arrival_pyramid
D:2:      nicolae_overflow_crystal_walls, minmay_pentomino_q4, uniq_robin
D:4:      nicolae_overflow_hidden_temple, nicolae_tso_besieged_by_evil
D:5:      temple_statues, first_ration, uniq_grinder

Skill      XL: |  1  2  3  4  5  6  7 |
---------------+----------------------+-----
Fighting       | 3 4 |  4.0
Axes           | 3 4 6 |  6.7
Armour         | 4 5 |  5.3
Dodging        | 1 3 |  3.2
Shields        | 4 5 |  5.1
Stealth        | |  0.7

Action                   |  1- 3 |  4- 6 |  7- 9 || total
-------------------------+-------+-------+-------++-------
Melee: War axe           |    85 |   287 |   121 ||   493
 Abil: Heal Wounds       |     1 |     3 |    11 ||    15
  Use: Scroll            |       |       |     3 ||     3
  Eat: Chunk             |       |     5 |     2 ||     7
Armor: Scale mail        |    43 |   171 |   114 ||   328
Dodge: Dodged            |    27 |    95 |    31 ||   153
Block: Shield            |    49 |   188 |    62 ||   299

Table legend:
 A = Spawn XP
 B = Non-spawn XP
 C = Spawn XP percentage of total XP
 D = Spawn monster count
 E = Non-spawn monster count
 F = Spawn count percentage of total count
 G = Total turns spent on level
                    A         B        C        D         E        F      G
               +---------+---------+-------+---------+---------+-------+---------
         Total |       0 |    1423 |   0.0 |       0 |     134 |   0.0 |  2910
               +---------+---------+-------+---------+---------+-------+---------
           D:1 |       0 |      41 |   0.0 |       0 |      25 |   0.0 |   673
           D:2 |       0 |     199 |   0.0 |       0 |      24 |   0.0 |   643
           D:3 |       0 |     258 |   0.0 |       0 |      46 |   0.0 |   507
           D:4 |       0 |     389 |   0.0 |       0 |      29 |   0.0 |   853
           D:5 |       0 |     536 |   0.0 |       0 |      10 |   0.0 |   234
               +---------+---------+-------+---------+---------+-------+---------
